AoeStats
← Real ninja7238

MegaRandom

506599446Analyzed
2v2 RM · 17d ago on Sep 14, 2026· 51m 59s· 4 players
Game mode
Random Map
Map size
Medium (4 player)
Population
200
Speed
Normal
Resources
Standard
Victory
Conquest
Starting age
Dark Age
Ending age
Imperial Age
RankedLock teamsTeams togetherTeam positionsShared explorationLock speedFull tech treeHidden civsTurbo modeCheats
Victory
Defeat
🇬🇧 Japanese · United Kingdom
738
+17
🇮🇹 Italians · Italy
719
+17
🇺🇸 Vietnamese · United States
756
-17
🇳🇿 Byzantines · New Zealand
740
-17
Brux
0:27 Loom
11:48 Feudal Age
13:17 Fishing Lines
15:04 Double-Bit Axe
17:22 Castle Age
16:42 Stone Mining
19:06 Bow Saw
19:12 Horse Collar
20:51 Wheelbarrow
20:01 Town Watch
20:13 Fletching
20:24 Padded Archer Armor
22:10 Leather Archer Armor
22:07 Squires
24:30 Ballistics
24:07 Murder Holes
24:32 Gillnets
27:00 Medium Warships
28:38 Bodkin Arrow
28:46 Gold Mining
29:31 Stone Shaft Mining
29:11 Forging
29:46 Silk Road
29:47 Heavy Plow
34:54 Imperial Age
34:48 Husbandry
34:58 Bloodlines
39:05 Conscription
40:26 Chemistry
39:09 Treadmill Crane
39:15 Arrowslits
39:42 Masonry
39:23 Heated Shot
39:35 Scale Mail Armor
39:41 Scale Barding Armor
40:21 Hand Cart
41:58 Bombard Tower
41:41 Caravan
42:17 Ring Archer Armor
41:11 Pikeman
41:37 Arson
43:18 Crop Rotation
43:49 Town Patrol
44:23 Architecture
43:59 Bracer
43:35 Elite Cannon Galleon
45:08 Elite Genoese Crossbowman
46:21 Light Cavalry
47:58 Hussar
50:00 Iron Casting
49:46 Chain Barding Armor
Uncle Oswald
5:49 Loom
6:10 Loom
11:01 Feudal Age
12:58 Wheelbarrow
12:11 Double-Bit Axe
12:25 Fishing Lines
13:19 Horse Collar
18:51 Gold Mining
21:11 Castle Age
19:11 Stone Mining
24:31 Bow Saw
25:05 Heavy Plow
26:03 Hand Cart
28:00 Gillnets
28:37 Fortified Wall
28:09 Treadmill Crane
30:23 Squires
30:09 Arson
34:14 Imperial Age
32:59 Scale Mail Armor
33:09 Forging
32:50 Fletching
33:35 Medium Warships
32:46 Demolition Ship
33:59 Careening
34:00 Clinker Construction
34:03 Masonry
34:13 Ballistics
34:05 Caravan
35:05 Chain Mail Armor
34:46 Bodkin Arrow
35:38 Gold Shaft Mining
36:52 Two-Man Saw
36:39 Iron Casting
36:35 Plate Mail Armor
36:27 Bracer
39:09 Blast Furnace
37:38 Elite Samurai
38:41 Kataparuto
38:44 Conscription
40:50 Heavy Warships
42:51 Hoardings
43:21 Chemistry
42:43 Shipwright
42:19 Murder Holes
42:45 Dry Dock
42:46 Carvel Hull
51:14 Town Watch
therealmikehunt
0:30 Loom
12:15 Feudal Age
13:41 Double-Bit Axe
14:56 Horse Collar
17:00 Gold Mining
17:00 Stone Mining
21:49 Castle Age
21:46 Wheelbarrow
23:49 Heavy Plow
26:25 Caravan
27:07 Husbandry
28:52 Fervor
29:28 Gold Shaft Mining
33:51 Imperial Age
31:34 Forging
31:30 Scale Barding Armor
31:52 Fortified Wall
31:32 Fishing Lines
33:25 Medium Warships
34:51 Logistica
35:01 Conscription
35:12 Block Printing
35:37 Theocracy
36:12 Chain Barding Armor
36:28 Iron Casting
38:22 Elite Cataphract
39:56 Hoardings
40:47 Heavy Warships
40:14 Gillnets
41:00 Bow Saw
41:53 Plate Barding Armor
41:28 Heavy Camel Rider
44:24 Chemistry
45:06 Fletching
45:20 Padded Archer Armor
47:42 Greek Fire
48:06 Bombard Tower
48:07 Ballistics
47:45 Murder Holes
Real ninja7238
1:31 Loom
4:03 Loom
13:16 Feudal Age
17:19 Castle Age
17:13 Double-Bit Axe
17:13 Horse Collar
20:45 Stone Mining
21:12 Town Watch
22:09 Wheelbarrow
22:27 Gold Mining
23:27 Scale Mail Armor
23:38 Forging
26:35 Stone Shaft Mining
29:17 Hand Cart
29:03 Town Patrol
30:39 Bloodlines
30:29 Husbandry
35:36 Imperial Age
35:16 Fletching
35:37 Forging
35:42 Chain Mail Armor
35:33 Scale Barding Armor
35:29 Padded Archer Armor
37:51 Paper Money
40:14 Caravan
42:13 Town Patrol
41:51 Elite Battle Elephant
43:22 Iron Casting
43:17 Plate Mail Armor
43:08 Chain Barding Armor
42:45 Bodkin Arrow
45:04 Chemistry
44:25 Ballistics
44:02 Murder Holes
45:36 Fortified Wall
Connection lost

Rejoining the realm…

Still unreachable

The connection could not be restored.

Session expired

The server has moved on; the page needs a fresh start.